 Dungeon Crawl Stone Soup version 0.26-a0-665-gefeb406119 (webtiles) character file.

Game seed: 9560538089379055816

5 Gargoyl the Skirmisher (level 1, -1/23 HPs)
             Began as a Gnoll Abyssal Knight on Oct 14, 2020.
             Was a Follower of Lugonu.
             Slain by an ufetubus (3 damage)
             ... on level 2 of the Abyss.
             The game lasted 00:03:10 (253 turns).

Gargoyl the Skirmisher (Gnoll Abyssal Knight)        Turns: 253, Time: 00:03:10

Health: -1/23      AC:  3    Str: 14    XL:     1   Next: 80%
Magic:  3/3        EV: 12    Int: 14    God:    Lugonu [*.....]
Gold:   81         SH:  0    Dex: 14    Spells: 0/0 levels left

rFire    . . .     SeeInvis +   c - +1 mace of the Sea {vorpal, *Drain rElec SInv}
rCold    . . .     Faith    .   (no shield)
rNeg     . . .     Spirit   .   b - +0 leather armour
rPois    .         Reflect  .   (no helmet)
rElec    +         Harm     .   (no cloak)
rCorr    .         Rampage  .   (no gloves)
MR       .....                  (no boots)
Stlth    +.........             (no amulet)
HPRegen  0.07/turn              (no ring)
MPRegen  0.08/turn              (no ring)

@: no status effects
A: distributed training, fangs 1, strong nose
a: Depart the Abyss, Renounce Religion


You were on level 2 of the Abyss.
You worshipped Lugonu.
Lugonu was aware of your devotion.
You visited 0 branches of the dungeon, and saw 0 of its levels.
You visited the Abyss 1 time.

You collected 81 gold pieces.

Inventory:

Hand Weapons
 a - a +1 hand axe
 c - the +1 mace of the Sea (weapon) {vorpal, *Drain rElec SInv}
   (You found it on level 2 of the Abyss)

   It inflicts extra damage upon your enemies.
   It insulates you from electricity.
   It lets you see invisible.
   It causes draining when unequipped.
Armour
 b - a +0 leather armour (worn)
 d - a +0 chain mail


   Skills:
 + Level 6.4 Fighting
 + Level 0.1 Short Blades
 + Level 0.1 Long Blades
 + Level 4.4 Axes
 + Level 0.1 Maces & Flails
 + Level 0.1 Polearms
 + Level 0.1 Staves
 + Level 0.1 Slings
 + Level 0.1 Bows
 + Level 0.1 Crossbows
 + Level 0.1 Throwing
 + Level 4.4 Armour
 + Level 2.4 Dodging
 + Level 0.1 Stealth
 + Level 0.1 Shields
 + Level 0.1 Unarmed Combat
 + Level 0.1 Spellcasting
 + Level 0.1 Conjurations
 + Level 0.1 Hexes
 + Level 0.1 Summonings
 + Level 0.1 Necromancy
 + Level 0.1 Translocations
 + Level 0.1 Transmutations
 + Level 0.1 Fire Magic
 + Level 0.1 Ice Magic
 + Level 0.1 Air Magic
 + Level 0.1 Earth Magic
 + Level 0.1 Poison Magic
 + Level 4.4 Invocations
 + Level 0.1 Evocations


You couldn't memorise any spells.
You didn't know any spells.
Your spell library was empty.

Dungeon Overview and Level Annotations

Branches:
Dungeon (0/15)

Altars:


Innate Abilities, Weirdness & Mutations

Your experience applies equally to all skills.
You have very sharp teeth.
Your uncanny sense of smell can sniff out nearby items.


Message History

Unknown command.
The ufetubus hits you but does no damage.
The ufetubus misses you.
You barely miss the ufetubus. The ufetubus closely misses you.
The ufetubus hits you. The ufetubus misses you. The ufetubus barely misses you.
You hit the ufetubus.
You kill the ufetubus!
You barely miss the small abomination.
An ufetubus comes into view.
The small abomination hits you!!
Ouch! That really hurt!
* * * LOW HITPOINT WARNING * * *
Unknown command.
The ufetubus shouts!
The ufetubus misses you. The ufetubus barely misses you.
A small abomination comes into view.
An ufetubus opens the door.
A small abomination comes into view.
The ufetubus hits you.
You die...

.#........#..##
.# .
...........## #
. ........#...#
..x.......#.#.#
........'..##
....x....x##
..##..###X..##
.......5....#
.#.....@....#
........##..#
.##.#.#.. .##
#.......##.
....#..#.# ..
#....#. .. .##
..# ... .# #.
.. ..


You could see a thrashing horror, 2 small abominations and an ufetubus.

Vanquished Creatures
  An ufetubus (Abyss:2)
1 creature vanquished.

Vanquished Creatures (others)
  3 starspawn tentacles (Abyss:1)
3 creatures vanquished.

Grand Total: 4 creatures vanquished

Notes
Turn   | Place    | Note
-------+----------+-------------------------------------------
     0 | Abyss:1  | Gargoyl the Gnoll Abyssal Knight began the quest for the
                  | Orb.
     0 | Abyss:1  | Reached XP level 1. HP: 23/23 MP: 3/3
     0 | Abyss:1  | Found a corrupted altar of Lugonu.
    37 | Abyss:1  | Noticed a stone giant zombie
    47 | Abyss:1  | Noticed a hellephant
    62 | Abyss:1  | Noticed a tentacled starspawn
    63 | Abyss:1  | Noticed a raiju
    65 | Abyss:1  | Noticed a hell hound
   103 | Abyss:1  | Found a corrupted altar of Lugonu.
   128 | Abyss:1  | Noticed an apocalypse crab
   146 | Abyss:1  | Noticed a flayed ghost
   161 | Abyss:2  | Got a masterwork mace
   162 | Abyss:2  | Identified the +1 mace of the Sea {vorpal, *Drain rElec
                  | SInv} (You found it on level 2 of the Abyss)
   205 | Abyss:2  | Noticed a small abomination
   247 | Abyss:2  | Noticed a thrashing horror
   250 | Abyss:2  | Noticed a small abomination
   252 | Abyss:2  | Noticed a small abomination
   253 | Abyss:2  | Slain by an ufetubus

Illustrated notes

Levels and vault maps discovered:
Abyss:2:  minivault_25, minivault_25

Action                   || total
-------------------------++-------
Melee: Mace              ||     3
  Use: Scroll            ||     1
       Potion            ||     1
Armor: Leather armour    ||     1
Dodge: Dodged            ||     7

Table legend: (Time is in decaauts)
 A = Elapsed time spent in this place.
 B = Non-inter-level travel time spent in this place.
 C = Inter-level travel time spent in this place.
 D = Time resting spent in this place.
 E = Time spent auto-exploring this place.
 F = Levels seen in this place.
 G = Mean time per level.
                   A        B        C        D        E       F      G
               +--------+--------+--------+--------+--------+-----+--------+
         Total |    254 |    254 |      0 |      0 |    135 |   2 |  127.0 |
         Abyss |    254 |    254 |      0 |      0 |    135 |   2 |  127.0 |
               +--------+--------+--------+--------+--------+-----+--------+

Top non-repeatable levels by time:
 Abyss:1: 152 daAuts
 Abyss:2: 101 daAuts
